 Dungeon Crawl Stone Soup version 0.19.5 (webtiles) character file.

329 Agrougrou the Cudgeler (level 6, -2/48 HPs)
             Began as a Demonspawn Fighter on Mar 4, 2017.
             Slain by a gnoll
             ... wielding a +0 halberd
              (9 damage)
             ... on level 4 of the Dungeon.
             The game lasted 00:12:03 (2891 turns).

Agrougrou the Cudgeler (Demonspawn Fighter)         Turns: 2891, Time: 00:12:04

Health: -2/48      AC: 12    Str: 18    XL:     6   Next: 25%
Magic:  6/6        EV:  8    Int:  9    God:
Gold:   136        SH:  9    Dex: 13    Spells: 0 memorised, 5 levels left

rFire  . . .     SeeInvis .     a - +0 flail
rCold  . . .     Gourm    .     b - +0 scale mail
rNeg   . . .     Faith    .     c - +0 shield
rPois  .         Spirit   .     (no helmet)
rElec  .         Reflect  .     (no cloak)
rCorr  .         Harm     .     (no gloves)
MR     .....                    (no boots)
Stlth  ..........               (no amulet)
                                (no ring)
                                s - +3 ring of protection

@: exhausted, very slightly contaminated, hasted and slowed
A: slimy green scales 1, demonic guardian 1
a: no special abilities


You were on level 4 of the Dungeon.
You were not hungry.

You visited 1 branch of the dungeon, and saw 4 of its levels.

You collected 136 gold pieces.

Inventory:

Hand Weapons
 a - a +0 flail (weapon)
Armour
 b - a +0 scale mail (worn)
 c - a +0 shield (worn)
Jewellery
 s - a +3 ring of protection (left hand)
Scrolls
 e - 2 scrolls of magic mapping
 j - a scroll of recharging
 m - 3 scrolls of teleportation
 n - a scroll of enchant weapon
 p - a scroll of remove curse
 t - a scroll of noise
Potions
 d - 2 potions of might
 r - a potion of lignification
Comestibles
 f - 4 bread rations
 h - 3 meat rations
 o - 2 royal jellies
 v - a beef jerky
 w - a chunk of flesh


   Skills:
 + Level 3.8 Fighting
 + Level 3.9 Maces & Flails
 + Level 3.7 Armour
 + Level 1.6 Dodging
 + Level 3.4 Shields


You had 5 spell levels left.
You didn't know any spells.

Dungeon Overview and Level Annotations

Branches:
Dungeon (4/15)
 Temple: D:4-7

Altars:

Annotations:
D:4 SkullSpatter's ghost, amateur OgBe


Innate Abilities, Weirdness & Mutations

You are partially covered in slimy green scales. (AC +2)
A weak demonic guardian rushes to your aid.


Message History

t - a scroll of noise You block the gnoll's attack.
As you read the scroll labeled TIOCU QUAJEMEI, it crumbles to dust.
You feel blessed for a moment.
It was a scroll of remove curse.
You block the gnoll's attack.
As you read the scroll labeled PEMIBB KIUMA AKIMM, it crumbles to dust.
You feel a strange sense of stasis.
It was a scroll of teleportation.
The gnoll hits you but does no damage. x2
It was a potion of haste.
You feel yourself speed up. The gnoll hits you but does no damage.
You are very lightly contaminated with residual magic.
You cannot move.
The gnoll hits you but does no damage.
Unknown command.
The gnoll barely misses you.
You feel less woody.
Your +0 scale mail unmelds from your body.
The gnoll hits you but does no damage.
The gnoll hits you from afar with a halberd!
You die...

#.# #)# #.## #.#
### ...###.# #..
.#.....# #.#
...###.# #.# #.##
#.# #.# #.# #.# #)#
#.#
#.#####.###########
#.#
#.........)@)g....(
#.#
##.##....)#########
#.# #.#...........
#.# ##..#.....####
..# #..#.....# ###
#.######## #. #. #.


You could see a gnoll.

Vanquished Creatures
  The ghost of Agrougrou the Shield-Bearer, a weakling DsFi (D:3)
  A quasit (D:3)
  An orc priest (D:4)
  A centaur skeleton (D:4)
  An orc wizard (D:4)
  3 gnolls (D:4)
  4 adders
  3 worms
  3 dart slugs
  3 orcs
  4 giant cockroaches
  6 goblins
  8 hobgoblins
  11 jackals
  8 kobolds
  2 quokkas
  2 ball pythons
  4 bats
  3 frilled lizards
  A jackal skeleton (D:4)
  6 rats
76 creatures vanquished.

Vanquished Creatures (collateral kills)
  A gnoll shaman (D:4)
  A hound (D:4)
  A gnoll (D:4)
  A leopard gecko (D:4)
  A kobold (D:3)
5 creatures vanquished.

Grand Total: 81 creatures vanquished

Notes
Turn   | Place    | Note
-------+----------+-------------------------------------------
     0 | D:1      | Agrougrou the Demonspawn Fighter began the quest for the Orb.
     0 | D:1      | Reached XP level 1. HP: 18/18 MP: 1/1
   102 | D:1      | Gained mutation: A weak demonic guardian rushes to your aid. [demonic ancestry]
   102 | D:1      | Reached XP level 2. HP: 9/24 MP: 2/2
   467 | D:1      | Reached XP level 3. HP: 29/29 MP: 3/3
  1171 | D:2      | Gained mutation: You are partially covered in slimy green scales. (AC +2) [demonic ancestry]
  1171 | D:2      | Reached XP level 4. HP: 22/36 MP: 4/4
  1176 | D:2      | Reached skill level 1 in Dodging
  1722 | D:3      | Noticed Agrougrou's ghost (weakling DsFi)
  1733 | D:3      | Killed Agrougrou's ghost
  2332 | D:3      | Reached XP level 5. HP: 42/42 MP: 5/5
  2721 | D:4      | Noticed an ogre
  2733 | D:4      | Reached XP level 6. HP: 47/48 MP: 6/6
  2735 | D:4      | Noticed SkullSpatter's ghost (amateur OgBe)
  2867 | D:4      | HP: 2/48 [gnoll/halberd (6)]
  2891 | D:4      | Slain by a gnoll

Skill      XL: |  1  2  3  4 |
---------------+-------------+-----
Maces & Flails | 2 3 |  3.9
Shields        | 3 |  3.4
Dodging        | 1 |  1.6
Armour         | 3 |  3.7
Fighting       | |  3.8

Action                   |  1- 3 |  4- 6 || total
-------------------------+-------+-------++-------
Melee: Flail             |   134 |   161 ||   295
Throw: Javelin           |       |     4 ||     4
  Use: Scroll            |       |     6 ||     6
       Potion            |       |     5 ||     5
 Stab: Distracted        |       |     1 ||     1
  Eat: Chunk             |     1 |     6 ||     7
Armor: Scale mail        |    45 |    81 ||   126
       Skin              |       |     9 ||     9
Dodge: Dodged            |    43 |    57 ||   100
Block: Shield            |    79 |    87 ||   166
